 Dungeon Crawl Stone Soup version 0.30-a0-722-g3e6e8c874d (webtiles) character file.

Game seed: 17698836299177405568

4065 testman the Slicer (level 10, 0/76 HPs)
             Began as a Gnoll Wanderer on Jan 27, 2023.
             Was a Believer of Dithmenos.
             Slain by a boulder beetle (18 damage)
             ... on level 8 of the Dungeon.
             The game lasted 00:29:01 (7784 turns).

testman the Slicer (Gnoll Wanderer)                 Turns: 7784, Time: 00:29:01

Health: 0/76       AC:  9    Str: 11    XL:     10   Next: 25%
Magic:  16/17      EV: 15    Int: 17    God:    Dithmenos [**....]
Gold:   339        SH:  0    Dex: 20    Spells: 13/19 levels left

rFire   . . .      SeeInvis .    y - +2 dagger (protect)
rCold   + . .      Faith    .    (no shield)
rNeg    . . .      Spirit   .    v - +2 leather armour {rPois}
rPois   +          Reflect  .    (no helmet)
rElec   .          Harm     .    (no cloak)
rCorr   .          Rampage  .    A - +1 pair of gloves
Will    +....                    i - +0 pair of boots
Stlth   ++++                     (no amulet)
HPRegen 0.32/turn                G - ring of Ogoeses {rC+ Will+ Int+3 Dex+6}
MPRegen 0.15/turn                H - ring of wizardry

@: wreathed by umbra
A: fangs 1, strong nose, distributed training
a: Renounce Religion, Shadow Step


You were on level 8 of the Dungeon.
You worshipped Dithmenos.
Dithmenos was pleased with you.
You visited 1 branch of the dungeon, and saw 8 of its levels.

You collected 523 gold pieces.
You spent 184 gold pieces at shops.

Inventory:

Hand Weapons
 a - a +0 short sword
 y - a +2 dagger of protection (weapon)
 J - a +2 heavy shortbow
 L - a +1 dagger of holy wrath
Missiles
 D - 15 poisoned darts
Armour
 i - a +0 pair of boots (worn)
 v - a +2 leather armour of poison resistance (worn)
 A - a +1 pair of gloves (worn)
Jewellery
 n - a ring of positive energy
 u - a ring of magical power
 G - the ring of Ogoeses (left hand) {rC+ Will+ Int+3 Dex+6}
   (You found it on level 6 of the Dungeon)

   [ring of dexterity]

   Int:       It affects your intelligence (+3).
   Dex:       It affects your dexterity (+6).
   rC:        It protects you from cold.
   Will:      It increases your willpower.
 H - a ring of wizardry (right hand)
 I - the ring of Dawn {rF+ Will+ Dex+3}
   (You found it on level 7 of the Dungeon)

   [ring of willpower]

   Dex:       It affects your dexterity (+3).
   rF:        It protects you from fire.
   Will:      It increases your willpower.
Wands
 d - a wand of flame (4) (quivered)
Scrolls
 c - 2 scrolls of summoning
 e - 2 scrolls of blinking
 f - a scroll of poison {unknown}
 j - 2 scrolls of identify
 m - 2 scrolls of magic mapping {unknown}
 o - a scroll of fear {unknown}
 p - 2 scrolls of brand weapon {unknown}
 q - 2 scrolls of noise {unknown}
 s - 2 scrolls of vulnerability {unknown}
 w - 2 scrolls of fog {unknown}
 x - 2 scrolls of immolation {unknown}
 C - a scroll of enchant armour {unknown}
 F - a scroll of torment {unknown}
 K - a scroll of teleportation {unknown}
Potions
 b - 6 potions of brilliance
 g - 2 potions of cancellation
 h - a potion of attraction
 k - a potion of curing
 l - 3 potions of resistance
 r - a potion of lignification {unknown}
 t - 3 potions of might
 z - 2 potions of haste
 B - a potion of flight {unknown}
 E - a potion of mutation {unknown}


   Skills:
 + Level 6.0 Fighting
 + Level 10.1 Short Blades
 + Level 5.3 Long Blades
 + Level 5.3 Axes
 + Level 5.3 Maces & Flails
 + Level 5.3 Polearms
 + Level 5.3 Staves
 + Level 5.3 Ranged Weapons
 + Level 5.3 Throwing
 + Level 5.3 Armour
 + Level 5.3 Dodging
 + Level 5.3 Stealth
 + Level 5.3 Shields
 + Level 8.5 Unarmed Combat
 + Level 5.3 Spellcasting
 + Level 4.3 Conjurations
 + Level 4.3 Hexes
 + Level 4.3 Summonings
 + Level 4.3 Necromancy
 + Level 4.3 Translocations
 + Level 4.3 Transmutations
 + Level 4.3 Fire Magic
 + Level 4.3 Ice Magic
 + Level 4.3 Air Magic
 + Level 4.3 Earth Magic
 + Level 4.3 Poison Magic
 + Level 5.8 Invocations
 + Level 7.1 Evocations


You had 13 spell levels left.
You knew the following spells:

 Your Spells              Type           Power      Damage    Failure   Level
a - Slow                  Hex            76%        N/A       1%          1
b - Confusing Touch       Hex            19%        N/A       3%          3
c - Ensorcelled Hibernat  Hex/Ice        38%        N/A       1%          2

Your spell library contained the following spells:

 Spells                   Type           Power      Damage    Failure   Level
 Freeze                   Ice            76%        1d8       1%          1
 Lesser Beckoning         Tloc           38%        N/A       1%          2
 Frozen Ramparts          Ice            38%        1d6       3%          3
 Hailstorm                Conj/Ice       19%        3d6       3%          3
 Spider Form              Tmut/Pois      19%        N/A       3%          3
 Vampiric Draining        Necr           19%        2d7       3%          3
 Anguish                  Hex/Necr       9%         N/A       12%         4
 Fireball                 Conj/Fire      9%         3d6       32%         5
 Iskenderun's Battlesphe  Conj           19%        2d7       32%         5
 Conjure Ball Lightning   Conj/Air       9%         3x3d6     85%         6
 Malign Gateway           Summ/Tloc      9%         N/A       100%        7
 Orb of Destruction       Conj           9%         9d6       100%        7


Dungeon Overview and Level Annotations

Branches:
Dungeon (8/15)             Temple (0/1) D:5
   Lair: D:8-11

Altars:
Ashenzari
Cheibriados
Dithmenos
Elyvilon
Gozag
Okawaru
Ru
Wu Jian
Zin
The Shining One

Shops:
D:1 !   D:3 *::   D:8 :


Innate Abilities, Weirdness & Mutations

You have very sharp teeth.
Your uncanny sense of smell can sniff out nearby items.
Your experience applies equally to all skills.


Message History

Your kobold brigand hits the boulder beetle but does no damage.
The tengu warrior blocks your kobold's attack.
The tengu warrior throws a stone.
The stone misses your kobold. The stone closely misses you.
Your killer bee barely misses the tengu warrior.
Your killer bee stings the boulder beetle but does no damage.
Okay, then.
As you read the scroll of identify, it crumbles to dust.
z - 2 potions of haste Your killer bee closely misses the tengu warrior.
Your killer bee stings the boulder beetle.
The boulder beetle is poisoned.
Your killer bee poisons the boulder beetle!
Your kobold hits the boulder beetle but does no damage.
Your kobold brigand hits the boulder beetle but does no damage.
The tengu warrior blocks your kobold's attack.
The boulder beetle closely misses your kobold brigand.
The tengu warrior hits your kobold with a +0 long sword!
Your kobold dies!
Your kobold's corpse dissolves into shadows!
Your killer bee stings the boulder beetle.
Your killer bee stings the tengu warrior.
Okay, then.
As you read the scroll of identify, it crumbles to dust.
h - a potion of attraction The tengu warrior blocks your killer bee's attack.
Your killer bee stings the boulder beetle but does no damage.
Your kobold hits the boulder beetle but does no damage.
Your kobold brigand hits the boulder beetle but does no damage.
The boulder beetle closely misses your kobold.
Your killer bee stings the boulder beetle.
The boulder beetle looks as sick as possible!
Your killer bee poisons the boulder beetle!
Okay, then.
You swap places.
The boulder beetle seems less confused.
Your killer bee stings the boulder beetle but does no damage.
Your killer bee closely misses the tengu warrior.
Your kobold brigand hits the boulder beetle but does no damage.
The boulder beetle bites you!!
You die...

...# ...# #### # #####
####### #####...##
....... #.#.'÷.).#
.######## ##))####'####
...# #.. #†).#ByKy...#
#..# #.####'##K@K..⌠.#
#..## #.#888.##KKKQy..#
....# #.'...)8#...⌠...'..
###.###.#888.##....⌠..##.
.....#..####'##.⌠...⌠.# .
###..#.####...#.......# #
##......##..####'#### #
#.##.#.# .# # #.# ...# ##


You could see a boulder beetle (extremely poisoned, ally target), a tengu
warrior (ally target), a friendly kobold brigand (summoned), 3 friendly killer
bees and 5 friendly kobolds.

Vanquished Creatures
  A centaur warrior (D:8)
  A wyvern (D:8)
  A steam dragon (D:8)
  A water moccasin (D:8)
  3 ice beasts
  2 orc warriors (D:8)
  A black bear (D:6)
  A sky beast (D:8)
  2 ogres
  2 centaurs
  4 phantoms
  2 kobold brigands
  4 bullfrogs
  A necrophage (D:6)
  2 scorpions
  6 killer bees (D:8)
  2 gnoll boudas
  4 jellies
  3 hounds
  3 orc priests
  5 iguanas
  5 orc wizards
  A mummy (D:6)
  9 adders
  11 gnolls
  2 ufetubi
  2 worms (D:2)
  2 dart slugs
  16 orcs
  3 bats
  6 endoplasms
  A giant cockroach (D:1)
  12 goblins
  8 hobgoblins
  7 jackals (D:1)
  21 kobolds
  8 quokkas
  9 ball pythons
  2 frilled lizards (D:3)
  8 rats
184 creatures vanquished.

Vanquished Creatures (collateral kills)
  A killer bee (D:8)
1 creature vanquished.

Vanquished Creatures (others)
  A fungus (D:2)
  6 plants (D:5)
  4 toadstools (D:2)
11 creatures vanquished.

Grand Total: 196 creatures vanquished

Notes
Turn   | Place    | Note
-------+----------+-------------------------------------------
     0 | D:1      | testman the Gnoll Wanderer began the quest for the Orb.
     0 | D:1      | testman set off with the following items: a +0 short sword,
                  | a potion of brilliance, a scroll of summoning, a wand of
                  | flame (4), a scroll of blinking, a +0 robe.
     0 | D:1      | Reached XP level 1. HP: 17/17 MP: 1/1
    84 | D:1      | Reached XP level 2. HP: 9/23 MP: 2/2
   443 | D:1      | Reached XP level 3. HP: 26/28 MP: 3/3
   581 | D:1      | Reached skill level 1 in Invocations
   785 | D:1      | Found Jawib's Distillery.
   790 | D:1      | Bought a potion of curing for 39 gold pieces
  1094 | D:2      | Reached skill level 1 in Long Blades
  1094 | D:2      | Reached skill level 1 in Axes
  1094 | D:2      | Reached skill level 1 in Maces & Flails
  1094 | D:2      | Reached skill level 1 in Polearms
  1094 | D:2      | Reached skill level 1 in Staves
  1094 | D:2      | Reached skill level 1 in Ranged Weapons
  1094 | D:2      | Reached skill level 1 in Throwing
  1094 | D:2      | Reached skill level 1 in Armour
  1094 | D:2      | Reached skill level 1 in Dodging
  1094 | D:2      | Reached skill level 1 in Stealth
  1094 | D:2      | Reached skill level 1 in Shields
  1094 | D:2      | Reached skill level 1 in Spellcasting
  1192 | D:2      | Reached XP level 4. HP: 33/34 MP: 5/5
  1197 | D:2      | Found a sacrificial altar of Ru.
  1506 | D:2      | Reached skill level 1 in Conjurations
  1506 | D:2      | Reached skill level 1 in Hexes
  1506 | D:2      | Reached skill level 1 in Summonings
  1506 | D:2      | Reached skill level 1 in Necromancy
  1506 | D:2      | Reached skill level 1 in Translocations
  1506 | D:2      | Reached skill level 1 in Transmutations
  1506 | D:2      | Reached skill level 1 in Fire Magic
  1506 | D:2      | Reached skill level 1 in Ice Magic
  1506 | D:2      | Reached skill level 1 in Air Magic
  1506 | D:2      | Reached skill level 1 in Earth Magic
  1506 | D:2      | Reached skill level 1 in Poison Magic
  1826 | D:2      | Found a faded altar of an unknown god.
  2055 | D:3      | Reached XP level 5. HP: 23/40 MP: 5/7
  2121 | D:3      | Found Googecek's Book Boutique.
  2133 | D:3      | Found Ogahiag's Book Shoppe.
  2286 | D:3      | Found a shadowy altar of Dithmenos.
  2343 | D:3      | Became a worshipper of Dithmenos the Shadowed
  2569 | D:3      | Found Rachai's Assorted Antiques.
  2577 | D:3      | Bought a glowing leather armour for 145 gold pieces
  2998 | D:4      | Noticed an ogre
  3135 | D:4      | Noticed a phantom
  3356 | D:4      | Killed a phantom
  3357 | D:4      | Reached skill level 5 in Evocations
  3357 | D:4      | Reached XP level 6. HP: 42/47 MP: 9/9
  3495 | D:4      | Found a white marble altar of Elyvilon.
  3595 | D:4      | Found a broken altar of Ashenzari.
  3833 | D:4      | Reached XP level 7. HP: 52/52 MP: 10/10
  3961 | D:5      | Entered Level 5 of the Dungeon
  4035 | D:4      | Reached * piety under Dithmenos
  4162 | D:4      | Reached skill level 9 in Short Blades
  4368 | D:5      | Learned a level 1 spell: Slow
  4472 | D:5      | Found an opulent altar of Gozag.
  4640 | D:5      | Found a staircase to the Ecumenical Temple.
  4995 | D:6      | Reached XP level 8. HP: 60/60 MP: 12/12
  5692 | D:6      | Found an ornate altar of the Wu Jian Council.
  5698 | D:6      | Identified the ring of Ogoeses {rC+ Will+ Int+3 Dex+6}
  5713 | D:6      | Reached ** piety under Dithmenos
  5940 | D:6      | Learned a level 3 spell: Confusing Touch
  5976 | D:6      | Reached XP level 9. HP: 66/66 MP: 14/14
  6007 | D:6      | Found a glowing silver altar of Zin.
  6068 | D:6      | Found a snail-covered altar of Cheibriados.
  6112 | D:7      | Found a glowing golden altar of the Shining One.
  6215 | D:7      | Identified the ring of Dawn {rF+ Will+ Dex+3}
  6228 | D:7      | Got the Information on Geometric Malisons
  6388 | D:7      | Reached skill level 5 in Fighting
  6644 | D:7      | Learned a level 2 spell: Ensorcelled Hibernation
  7009 | D:8      | Found Feogg's Book Shoppe.
  7195 | D:8      | Found an iron altar of Okawaru.
  7323 | D:8      | Reached skill level 5 in Invocations
  7599 | D:8      | Noticed a centaur warrior
  7627 | D:8      | Reached skill level 10 in Short Blades
  7627 | D:8      | Reached skill level 5 in Long Blades
  7627 | D:8      | Reached skill level 5 in Axes
  7627 | D:8      | Reached skill level 5 in Maces & Flails
  7627 | D:8      | Reached skill level 5 in Polearms
  7627 | D:8      | Reached skill level 5 in Staves
  7627 | D:8      | Reached skill level 5 in Ranged Weapons
  7627 | D:8      | Reached skill level 5 in Throwing
  7627 | D:8      | Reached skill level 5 in Armour
  7627 | D:8      | Reached skill level 5 in Dodging
  7627 | D:8      | Reached skill level 5 in Stealth
  7627 | D:8      | Reached skill level 5 in Shields
  7627 | D:8      | Reached skill level 5 in Spellcasting
  7627 | D:8      | Reached XP level 10. HP: 64/76 MP: 8/17
  7641 | D:8      | Killed a centaur warrior
  7702 | D:8      | Noticed a centaur warrior
  7758 | D:8      | Noticed a boulder beetle
  7776 | D:8      | Noticed a tengu warrior
  7784 | D:8      | Slain by a boulder beetle

Illustrated notes

Levels and vault maps discovered:
D:1:      lightli_iron_boxes, layout_basic, serial_shops, shop
D:2:      layout_loops_ring, hellmonk_ecumenical_altar_inner_sanctum,
          basic_altar, minmay_gold_behind_fungi, st_stairs_5
D:3:      layout_rooms, nicolae_dithmenos_through_a_glass_darkly, serial_shops,
          shop, nicolae_shop_advertising_works [nicolae_subvault_shop_adworks],
          nicolae_shop_competitors_out_of_business
D:4:      layout_loops_ring, elyvilon_altar_1, ashenzari_altar_1
D:5:      layout_loops_ring, mainiacjoe_overflow_cross_hatched,
          minmay_temple_entry_statues_pillars, chequers_serial_rivers_room_b
D:6:      layout_loops_ring, lemuel_tele_altar, zin_treasury, slow_altar_2,
          kennysheep_generic_room_8
D:7:      layout_rooms, mainiacjoe_overflow_catwalk
D:8:      minmay_chambers_of_sevens, layout_basic, mainiacjoe_overflow_brackets,
          hellmonk_lair_entry_icy, serial_shops, nicolae_shop_hallway_stairs

Skill      XL: |  1  2  3  4  5  6  7  8  9 10 |
---------------+-------------------------------+-----
Invocations    | 1 2 3 4 5 |  5.8
Long Blades    | 1 2 3 5 |  5.3
Axes           | 1 2 3 5 |  5.3
Maces & Flails | 1 2 3 5 |  5.3
Polearms       | 1 2 3 5 |  5.3
Staves         | 1 2 3 5 |  5.3
Ranged Weapons | 1 2 3 5 |  5.3
Throwing       | 1 2 3 5 |  5.3
Armour         | 1 2 3 5 |  5.3
Dodging        | 1 2 3 5 |  5.3
Stealth        | 1 2 3 5 |  5.3
Shields        | 1 2 3 5 |  5.3
Spellcasting   | 1 2 3 5 |  5.3
Conjurations   | 1 2 3 4 |  4.3
Hexes          | 1 2 3 4 |  4.3
Summonings     | 1 2 3 4 |  4.3
Necromancy     | 1 2 3 4 |  4.3
Translocations | 1 2 3 4 |  4.3
Transmutations | 1 2 3 4 |  4.3
Fire Magic     | 1 2 3 4 |  4.3
Ice Magic      | 1 2 3 4 |  4.3
Air Magic      | 1 2 3 4 |  4.3
Earth Magic    | 1 2 3 4 |  4.3
Poison Magic   | 1 2 3 4 |  4.3
Fighting       | 3 4 5 6 |  6.0
Evocations     | 5 6 7 |  7.1
Unarmed Combat | 7 8 |  8.5
Short Blades   | 9 10 | 10.1

Action                     |  1- 3 |  4- 6 |  7- 9 | 10-12 || total
---------------------------+-------+-------+-------+-------++-------
  Melee: Short sword       |   167 |   297 |       |       ||   464
         Bite              |    11 |    46 |    92 |     4 ||   153
         Punch             |     8 |    20 |    42 |     1 ||    71
         Dagger            |       |    87 |   725 |    23 ||   835
   Fire: Shortbow          |       |       |     3 |       ||     3
   Cast: Ensorcelled Hiber |       |       |    12 |       ||    12
         Confusing Touch   |       |       |     2 |     4 ||     6
         Slow              |       |       |     1 |       ||     1
    Use: Potion            |       |     1 |     1 |       ||     2
         Scroll            |       |       |       |     6 ||     6
   Stab: Distracted        |     1 |       |     1 |       ||     2
         Sleeping          |       |     2 |    13 |       ||    15
         Confused          |       |       |     1 |     3 ||     4
 Armour: Robe              |    22 |    27 |       |       ||    49
         Leather armour    |       |    54 |   168 |     6 ||   228
  Dodge: Dodged            |    57 |   168 |   274 |    19 ||   518

Table legend: (Time is in decaauts)
 A = Elapsed time spent in this place.
 B = Non-inter-level travel time spent in this place.
 C = Inter-level travel time spent in this place.
 D = Time resting spent in this place.
 E = Time spent auto-exploring this place.
 F = Levels seen in this place.
 G = Mean time per level.
                   A        B        C        D        E       F      G
               +--------+--------+--------+--------+--------+-----+--------+
         Total |   7206 |   6891 |    315 |    854 |   4439 |   8 |  900.8 |
       Dungeon |   7206 |   6891 |    315 |    854 |   4439 |   8 |  900.8 |
               +--------+--------+--------+--------+--------+-----+--------+

Top non-repeatable levels by time:
     D:4: 1140 daAuts
     D:6: 1069 daAuts
     D:3: 1013 daAuts
     D:1: 924 daAuts
     D:2: 902 daAuts
     D:7: 847 daAuts
     D:8: 680 daAuts
     D:5: 628 daAuts
